 Dungeon Crawl Stone Soup version 0.30-a0-618-gd6c86c23d0 (webtiles) character file.

Game seed: 17096720796339259031

229287 NinjaNoafa the Severer (level 18, -3/161 HPs)
             Began as a Hill Orc Fighter on Jan 9, 2023.
             Was the Champion of Nemelex Xobeh.
             Killed from afar by an acid blob (21 damage)
             ... with a splash of acid
             ... on level 1 of the Pits of Slime.
             The game lasted 01:55:34 (44788 turns).

NinjaNoafa the Severer (Hill Orc Fighter)          Turns: 44788, Time: 01:55:34

Health: -3/161     AC: 27    Str: 31    XL:     18   Next: 99%
Magic:  31/31      EV:  7    Int:  3    God:    Nemelex Xobeh [******]
Gold:   725        SH: 19    Dex: 15    Spells: 17/17 levels left

rFire   + + +      SeeInvis +    b - +3 war axe (chaos)
rCold   + + +      Faith    .    R - +2 shield of Resistance {rF++ rC++ Will++}
rNeg    . . .      Spirit   .    j - +7 plate armour {rC+}
rPois   +          Reflect  +    x - +2 helmet {SInv}
rElec   .          Harm     .    M - scarf {rC+ rF+}
rCorr   .          Rampage  .    F - +3 pair of gauntlets of War {Slay+5}
Will    +++..                    h - +2 pair of boots Stlth
                                 g - amulet of Hepraewo {Reflect Int-5 Dex+5 SH+5}
HPRegen 0.46/turn                V - +4 ring of slaying
MPRegen 0.22/turn                c - ring "Jyavaxem" {rPois Str+6}

@: corroded
A: weak 1, wild magic 1, MP-powered wands
}: 2/15 runes: decaying, serpentine
a: Renounce Religion, Draw Escape, Draw Destruction, Draw Summoning, Draw Stack,
Triple Draw, Deal Four, Stack Five


You were on level 1 of the Pits of Slime.
You worshipped Nemelex Xobeh.
Nemelex Xobeh was exalted by your worship.
You visited 9 branches of the dungeon, and saw 34 of its levels.
You also visited: Sewer, Bailey and Ice Cave.

You collected 3335 gold pieces.
You spent 2610 gold pieces at shops.

Inventory:

Hand Weapons
 a - a +7 vampiric broad axe
 b - a +3 war axe of chaos (weapon)
 E - a +4 morningstar
Missiles
 B - 8 boomerangs
 I - 9 curare-tipped darts
 L - 8 silver boomerangs
 N - 15 atropa-tipped darts
 P - 6 javelins (quivered)
 Y - 5 boomerangs of dispersal
Armour
 h - a +2 pair of boots (worn)
 j - a +7 plate armour of cold resistance (worn)
 x - a +2 helmet of see invisible (worn)
 F - the +3 pair of gauntlets of War (worn) {Slay+5}
   (You acquired it on level 13 of the Dungeon)

   Slay:      It affects your accuracy & damage with ranged weapons and melee
   (+5).
 M - a scarf of resistance (worn)
 R - the +2 shield of Resistance (worn) {rF++ rC++ Will++}
   (You took it off a kobold on level 9 of the Dungeon)

   rF:        It greatly protects you from fire.
   rC:        It greatly protects you from cold.
   Will:      It greatly increases your willpower.
Jewellery
 c - the ring "Jyavaxem" (right hand) {rPois Str+6}
   (You acquired it on level 3 of the Swamp)

   [ring of poison resistance]

   Str:       It affects your strength (+6).
   rPois:     It protects you from poison.
 g - the amulet of Hepraewo (around neck) {Reflect Int-5 Dex+5 SH+5}
   (You bought it in a shop on level 2 of the Orcish Mines)

   [amulet of reflection]

   It reflects blocked missile attacks.
   Int:       It affects your intelligence (-5).
   Dex:       It affects your dexterity (+5).
   SH:        It affects your SH (+5).
 O - a ring of positive energy
 V - a +4 ring of slaying (left hand)
Wands
 i - a wand of quicksilver (30)
 r - a wand of digging (15)
 A - a wand of charming (55)
 G - a wand of polymorph (11)
 J - a wand of mindburst (10)
 K - a wand of iceblast (33)
 Q - a wand of flame (29)
Scrolls
 e - 4 scrolls of torment
 k - 9 scrolls of teleportation
 n - 4 scrolls of magic mapping
 o - 4 scrolls of blinking
 t - 7 scrolls of poison
 v - 2 scrolls of immolation
 z - 4 scrolls of vulnerability
 C - 5 scrolls of fear
 X - 6 scrolls of fog
 Z - 4 scrolls of butterflies
Potions
 d - 8 potions of might
 f - 10 potions of lignification
 l - 3 potions of flight
 m - 2 potions of invisibility
 p - 2 potions of heal wounds
 q - 4 potions of berserk rage
 s - 6 potions of mutation
 u - 2 potions of ambrosia
 w - 6 potions of curing
 y - 3 potions of magic
 D - 6 potions of cancellation
 S - 7 potions of haste
 T - a potion of brilliance
 W - 2 potions of resistance
Miscellaneous
 H - a lightning rod (4/4)
 U - a condenser vane


   Skills:
 - Level 14.3 Fighting
 - Level 20.0 Axes
 - Level 11.7 Throwing
 - Level 14.4 Armour
 + Level 12.2 Shields
 + Level 19.8 Invocations
 - Level 12.0 Evocations


You had 17 spell levels left.
You didn't know any spells.
Your spell library contained the following spells:

 Spells                   Type           Power      Damage    Failure   Level
 Apportation              Tloc           0%         N/A       100%        1
 Necrotise                Necr           0%         1d4       100%        1
 Sandblast                Erth           0%         2d4       100%        1
 Shock                    Conj/Air       0%         1d3       100%        1
 Slow                     Hex            0%         N/A       100%        1
 Sting                    Tmut/Pois      0%         1d3       100%        1
 Summon Small Mammal      Summ           0%         N/A       100%        1
 Blink                    Tloc           0%         N/A       100%        2
 Ensorcelled Hibernation  Hex/Ice        0%         N/A       100%        2
 Momentum Strike          Conj/Tloc      0%         3d8       100%        2
 Passwall                 Tmut/Erth      0%         N/A       100%        2
 Poisonous Vapours        Pois/Air       0%         N/A       100%        2
 Call Canine Familiar     Summ           0%         N/A       100%        3
 Confusing Touch          Hex            0%         N/A       100%        3
 Lesser Beckoning         Tloc           0%         N/A       100%        3
 Portal Projectile        Hex/Tloc       0%         N/A       100%        3
 Stone Arrow              Conj/Erth      0%         3d7       100%        3
 Swiftness                Air            0%         N/A       100%        3
 Tukima's Dance           Hex            0%         N/A       100%        3
 Vampiric Draining        Necr           0%         2d6       100%        3
 Vhi's Electric Charge    Tloc/Air       0%         N/A       100%        3
 Airstrike                Air            0%         2d(0-16)  100%        4
 Leda's Liquefaction      Hex/Erth       0%         N/A       100%        4
 Summon Ice Beast         Ice/Summ       0%         N/A       100%        4
 Summon Lightning Spire   Summ/Air       0%         N/A       100%        4
 Alistair's Intoxication  Tmut/Pois      0%         N/A       100%        5
 Arcjolt                  Conj/Air       0%         1d10      100%        5
 Blade Hands              Tmut           0%         N/A       100%        5
 Freezing Cloud           Conj/Ice/Air   0%         6-21      100%        5
 Lee's Rapid Deconstruct  Erth           0%         3d4*      100%        5
 Lightning Bolt           Conj/Air       0%         1d11      100%        5
 Summon Forest            Summ/Tloc      0%         N/A       100%        5
 Summon Mana Viper        Hex/Summ       0%         N/A       100%        5
 Yara's Violent Unravell  Hex/Tmut       0%         3d3       100%        5
 Eringya's Noxious Bog    Tmut/Pois      0%         N/A       100%        6
 Simulacrum               Ice/Necr       0%         N/A       100%        6
 Statue Form              Tmut/Erth      0%         N/A       100%        6
 Summon Cactus Giant      Summ           0%         N/A       100%        6
 Enfeeble                 Hex            0%         N/A       100%        7
 Monstrous Menagerie      Summ           0%         N/A       100%        7
 Maxwell's Capacitive Co  Air            0%         ∞         100%        8
 Chain Lightning          Conj/Air       0%         N/A       100%        9
 Fire Storm               Conj/Fire      0%         5d1       100%        9
 Polar Vortex             Ice            0%         N/A       100%        9
 Shatter                  Erth           0%         3d5*      100%        9


Dungeon Overview and Level Annotations

Branches:
Dungeon (15/15)            Temple (1/1) D:4            Lair (5/5) D:11
  Swamp (4/4) Lair:3        Snake (4/4) Lair:2        Slime (1/5) Lair:5
    Orc (2/2) D:11            Elf (1/3) Orc:2        Depths (1/4) D:15
  Sewer (visited)          Bailey (visited)           IceCv (visited)
 Vaults: D:13-14

Altars:
Ashenzari
Cheibriados
Dithmenos
Elyvilon
Fedhas
Gozag
Hepliaklqana
Kikubaaqudgha
Makhleb
Nemelex Xobeh
Okawaru
Qazlal
Ru
Sif Muna
Trog
Uskayaw
Vehumet
Wu Jian
Xom
Yredelemnul
Zin
The Shining One
Jiyva

Shops:
D:8 [   D:13 *   D:15 [   Orc:2 :=?*   Snake:3 (=:=   Snake:4 :

Portals:
Trove: D:14 (give 3 potions of resistance)

Annotations:
Orc:1 1 transporter


Innate Abilities, Weirdness & Mutations

You are weak. (Str -2)
Your spells are a little harder to cast, but a little more powerful.
You expend magic power (3 MP) to strengthen your wands.


Message History

You kill the slime creature!
You hit the slime creature.
Space warps horribly around the slime creature!!
You kill the slime creature!
The acid blob spits acid at you.
The splash of acid hits you but does no damage.
The acid corrodes you!
You slice the very large slime creature!!
The very large slime creature seems to grow stronger.
The very large slime creature is heavily wounded.
You block the very large slime creature's attack.
The acid blob spits acid at you. The splash of acid hits you!
You slash the very large slime creature!
The very large slime creature is severely wounded.
The very large slime creature hits you!!!
The acid blob spits acid at you.
The splash of acid reflects off an invisible shield around you!
The splash of acid hits the acid blob.
The acid blob completely resists.
You slash the very large slime creature!
You burn the very large slime creature.
The very large slime creature is severely wounded.
A very large slime creature splits.
You hit the large slime creature. You burn the large slime creature.
The large slime creature is severely wounded.
You slash the slime creature! You slash the large slime creature!
The large slime creature is severely wounded.
You hit the acid blob. The acid corrodes you!
Your hands burn!
* * * LOW HITPOINT WARNING * * *
You hit the slime creature.
You feel better. The large slime creature hits you!!
* * * LOW HITPOINT WARNING * * *
The slime creature hits you but does no damage.
The large slime creature attacks as you move away!
You block the large slime creature's attack.
The acid blob spits acid at you. The splash of acid hits you!!
You die...
Your body glows slightly and disappears.

.........#............#
......................##
....#..................#
...##......^..........##
..###..#..............#.
###
.....................
.#.......#............
..#....###.....##..... .
............@.#.###.#
........J...# ##
.......JJ#.##
.#...#...### #...##.##
#... ... #.. ..# #. ..#
#.##


You could see an acid blob, a large slime creature (strong) and a slime creature
(strong).

Vanquished Creatures
  Frances (Snake:1)
  Agnes (D:14)
  3 nagarajas (Snake:4)
  2 thorn hunters
  Roxanne (Snake:1)
  3 rockslimes
  A fenstrider witch (Swamp:3)
  A frost giant (D:15)
  Louise (D:14)
  A stone giant (Swamp:3)
  Nessos (D:14)
  4 eleionomae
  A dire elephant (Snake:4)
  3 bunyips
  A spark wasp (D:12)
  An ettin (Depths:1)
  2 blizzard demons (IceCv)
  3 shambling mangroves
  3 great orbs of eyes
  2 salamander tyrants (Snake:4)
  An ice dragon (Lair:5)
  A caustic shrike simulacrum (IceCv)
  20 hydras
  A catoblepas (D:15)
  10 anacondas
  2 vault guards
  A spriggan air mage (Swamp:4)
  Erica (D:11)
  3 two-headed ogres
  13 alligators
  2 centaur warriors (D:15)
  4 death yaks (Lair:5)
  4 boulder beetles
  2 tengu warriors (D:15)
  9 naga warriors
  An orc high priest (Orc:2)
  6 shock serpents
  11 naga sharpshooters
  7 spriggans
  3 salamander mystics
  3 sea snakes
  A fire crab (Lair:4)
  5 goliath frogs
  2 glowing orange brains
  2 spriggan druids
  6 naga ritualists
  An orb spider (Snake:2)
  7 swamp dragons
  7 bog bodies
  A wizard (D:15)
  An obsidian statue (IceCv)
  2 lindwurms (Lair:5)
  4 spriggan simulacra (IceCv)
  9 mana vipers
  3 deep elf pyromancers
  A deep elf zephyrmancer (Orc:2)
  A wolf spider (Lair:5)
  4 orc knights
  7 ugly things
  2 orc sorcerers (Orc:2)
  12 salamanders
  2 will-o-the-wisps
  6 cyclopes
  2 manticores (D:15)
  6 elephants
  33 black mambas
  2 guardian serpents
  An eye of devastation (Lair:5)
  3 gargoyles
  8 torpor snails
  15 cane toads
  20 naga magi
  A demonic crawler (D:15)
  2 kobold demonologists (D:14)
  6 komodo dragons
  3 freezing wraiths
  An anaconda simulacrum (IceCv)
  An efreet (D:13)
  8 ice devils (IceCv)
  2 rime drakes (Lair:5)
  A polar bear (Lair:4)
  A wind drake (Orc:2)
  5 trolls
  2 bloated husks
  20 hornets
  Prince Ribbit (D:9)
  A tarantella (Snake:4)
  15 blink frogs
  6 tyrant leeches
  A jumping spider (Lair:4)
  A snapping turtle (D:11)
  21 slime creatures
  A culicivora (Snake:4)
  Sigmund (D:6)
  2 shadows (D:11)
  2 vampires
  3 wraiths
  A yak (shapeshifter) (D:14)
  4 basilisks
  40 yaks
  5 hogs (Swamp:2)
  3 humans (Bailey)
  14 wyverns
  2 redbacks (Lair:5)
  5 steam dragons
  A golden eye (Lair:4)
  9 minotaur simulacra (IceCv)
  25 vampire mosquitoes
  2 wargs
  A harpy simulacrum (IceCv)
  21 swamp worms
  An acid dragon (Lair:4)
  16 water moccasins
  A hydra simulacrum (IceCv)
  33 nagas
  26 orc warriors
  7 swamp drakes
  An ice beast (D:4)
  2 sky beasts
  4 boggarts (D:14)
  3 ogres
  2 alligator simulacra (IceCv)
  5 centaurs
  12 wolves
  A phantom (D:4)
  A kobold brigand (D:9)
  A gnoll sergeant (D:7)
  A scorpion (D:4)
  A necrophage (D:6)
  11 bullfrogs
  10 deep troll simulacra (IceCv)
  8 wights
  4 lindwurm simulacra (IceCv)
  13 killer bees
  3 electric eels (Lair:3)
  A crimson imp (D:8)
  A gnoll bouda (D:8)
  2 hounds
  10 orc priests
  2 jellies
  Terence (D:3)
  Ijyb (D:3)
  21 orc wizards
  A hell rat (Sewer)
  23 gnolls
  5 adders
  4 river rats (Sewer)
  A shadow imp (D:7)
  5 worms
  7 dart slugs
  69 orcs
  5 bats
  6 endoplasms
  3 giant cockroaches
  13 goblins
  7 hobgoblins
  4 jackals (D:1)
  22 kobolds
  5 quokkas
  7 ball pythons
  2 frilled lizards (D:1)
  13 rats
966 creatures vanquished.

Vanquished Creatures (collateral kills)
  Jorgrun (Swamp:2)
  Kirke (Swamp:2)
  Donald (Orc:2)
  An ice dragon (Lair:4)
  A vault guard (Bailey)
  A hydra (Swamp:4)
  An alligator (Swamp:4)
  2 naga warriors (Snake:4)
  A salamander mystic (Snake:4)
  A swamp dragon (Swamp:3)
  A goliath frog (Swamp:2)
  2 naga ritualists
  An orc knight (Orc:2)
  A salamander (Snake:3)
  A cyclops (Swamp:4)
  A cane toad (Lair:5)
  A rime drake (Lair:4)
  A blink frog (Bailey)
  A dream sheep (Lair:4)
  A human (Lair:4)
  A wyvern (D:8)
  6 yaks (Lair:4)
  An ice beast (Lair:4)
  A wolf (Lair:4)
  An orc priest (Orc:2)
32 creatures vanquished.

Vanquished Creatures (others)
  A naga warrior (Snake:4)
  A spriggan berserker (Swamp:4)
  4 bloated husks
  2 hornets
  A spriggan (Swamp:1)
  A centaur (D:8)
  A wyvern zombie (Lair:5)
  A bullfrog (D:8)
  A howler monkey (D:8)
  An orc wizard (Orc:2)
  2 orcs
  8 foxfires
  32 fungi
  101 plants
157 creatures vanquished.

Grand Total: 1155 creatures vanquished

Notes
Turn   | Place    | Note
-------+----------+-------------------------------------------
     0 | D:1      | NinjaNoafa the Hill Orc Fighter began the quest for the
                  | Orb.
     0 | D:1      | Reached XP level 1. HP: 19/19 MP: 1/1
    30 | D:1      | Reached skill level 3 in Axes
    35 | D:1      | Reached XP level 2. HP: 27/27 MP: 2/2
   600 | D:1      | Reached XP level 3. HP: 33/33 MP: 3/3
   889 | D:2      | Reached skill level 4 in Axes
   931 | D:2      | Reached XP level 4. HP: 40/40 MP: 4/4
  1313 | D:3      | Found a hazy altar of Hepliaklqana.
  1313 | D:3      | Noticed Terence
  1323 | D:3      | Killed Terence
  1500 | D:3      | Noticed Ijyb
  1519 | D:3      | Killed Ijyb
  1520 | D:3      | Reached XP level 5. HP: 7/47 MP: 5/5
  1885 | D:3      | Found a snail-covered altar of Cheibriados.
  2091 | D:3      | You fall into a shaft and drop 3 floors!
  2114 | D:6      | Noticed a sky beast
  2133 | D:6      | Killed a sky beast
  2134 | D:6      | Reached skill level 5 in Axes
  2134 | D:6      | Reached XP level 6. HP: 32/55 MP: 6/6
  2200 | D:6      | Found a glowing drain.
  2237 | D:6      | Reached skill level 5 in Fighting
  2246 | Sewer    | Entered a sewer
  2537 | D:6      | Reached XP level 7. HP: 54/61 MP: 7/7
  2627 | D:6      | Found a broken altar of Ashenzari.
  2644 | D:6      | Noticed Sigmund
  2654 | D:6      | Killed Sigmund
  2655 | D:6      | Reached skill level 6 in Axes
  2655 | D:6      | Reached skill level 5 in Armour
  2655 | D:6      | Reached skill level 5 in Shields
  2728 | D:6      | Noticed a steam dragon
  2744 | D:6      | Killed a steam dragon
  2998 | D:6      | Noticed a steam dragon
  3010 | D:6      | Killed a steam dragon
  3011 | D:6      | Reached XP level 8. HP: 16/71 MP: 8/8
  3323 | D:6      | Found a bloodstained altar of Trog.
  3323 | D:6      | Found a shimmering altar of Xom.
  3324 | D:6      | Found a hide-covered altar of Uskayaw.
  3402 | D:6      | Reached skill level 7 in Axes
  3436 | D:7      | Found a sparkling altar of Nemelex Xobeh.
  3477 | D:7      | Became a worshipper of Nemelex Xobeh the Trickster
  3509 | D:5      | Entered Level 5 of the Dungeon
  3688 | D:4      | Reached * piety under Nemelex Xobeh
  3736 | D:4      | Found a staircase to the Ecumenical Temple.
  3847 | Temple   | Entered the Ecumenical Temple
  3964 | D:4      | Received a gift from Nemelex Xobeh
  5204 | D:5      | Reached skill level 8 in Axes
  5369 | D:5      | Found a glowing silver altar of Zin.
  5370 | D:5      | Found Zin's Purification Station.
  5375 | D:5      | Bought a potion of curing for 90 gold pieces
  5459 | D:5      | Found an ancient bone altar of Kikubaaqudgha.
  5509 | D:5      | Reached ** piety under Nemelex Xobeh
  5699 | D:7      | Reached XP level 9. HP: 55/79 MP: 9/9
  5779 | D:7      | Found a shadowy altar of Dithmenos.
  6038 | D:7      | Found a basalt altar of Yredelemnul.
  6221 | D:7      | Received a gift from Nemelex Xobeh
  6446 | D:8      | Got the Vellum of the Green Entourage
  6473 | D:8      | Noticed a troll
  6483 | D:8      | Killed a troll
  6665 | D:8      | Noticed a boulder beetle
  6690 | D:8      | Killed a boulder beetle
  6780 | D:8      | Noticed a hornet
  6787 | D:8      | Killed a hornet
  6835 | D:8      | Found Kotaegias's Antique Armour Boutique.
  6842 | D:8      | Reached skill level 1 in Evocations
  6848 | D:8      | Reached skill level 1 in Throwing
  6848 | D:8      | Reached XP level 10. HP: 45/86 MP: 15/15
  7041 | D:8      | Bought a glowing helmet for 210 gold pieces
  7102 | D:8      | Found a white marble altar of Elyvilon.
  7103 | D:8      | Received a gift from Nemelex Xobeh
  7228 | D:8      | Reached *** piety under Nemelex Xobeh
  7423 | D:8      | Found a burning altar of Makhleb.
  7481 | D:8      | Paralysed by a hornet for 1 turns
  8250 | D:9      | Identified the +1 scale mail of Jeyghan {Int+4}
  8588 | D:9      | Noticed Prince Ribbit
  8608 | D:9      | Killed Prince Ribbit
  9050 | D:9      | Received a gift from Nemelex Xobeh
  9386 | D:10     | Entered Level 10 of the Dungeon
  9437 | D:10     | Noticed a two-headed ogre
  9443 | D:10     | Killed a two-headed ogre
  9612 | D:10     | Reached skill level 10 in Invocations
  9612 | D:10     | Reached skill level 5 in Evocations
  9661 | D:10     | Noticed a yaktaur captain
  9755 | D:10     | Received a gift from Nemelex Xobeh
  9766 | D:10     | Reached XP level 11. HP: 82/94 MP: 18/18
  9773 | D:10     | Reached skill level 5 in Throwing
  9933 | D:10     | Found an ornate altar of the Wu Jian Council.
  9969 | D:10     | Found a flagged portal.
 10002 | Bailey   | Entered a bailey
 10017 | Bailey   | Reached skill level 9 in Axes
 10157 | Bailey   | Noticed a vault guard
 10171 | Bailey   | Killed a vault guard
 10372 | Bailey   | Noticed a vault guard
 10381 | Bailey   | Killed a vault guard
 11378 | D:11     | Noticed Erica
 11383 | D:11     | Killed Erica
 11386 | D:11     | Found a staircase to the Lair.
 11418 | D:11     | Noticed a two-headed ogre
 11429 | D:11     | Killed a two-headed ogre
 11430 | D:11     | Reached skill level 10 in Axes
 11539 | D:11     | Noticed a two-headed ogre
 11548 | D:11     | Killed a two-headed ogre
 11799 | D:11     | Found a staircase to the Orcish Mines.
 11907 | D:11     | Reached **** piety under Nemelex Xobeh
 12089 | D:11     | Reached XP level 12. HP: 106/106 MP: 20/20
 12149 | D:11     | Received a gift from Nemelex Xobeh
 12258 | D:11     | Noticed a boulder beetle
 12285 | D:11     | Killed a boulder beetle
 12604 | D:12     | Noticed a boulder beetle
 12632 | D:12     | Killed a boulder beetle
 12633 | D:12     | Reached skill level 10 in Fighting
 12948 | D:12     | Gained mutation: You have a pair of small horns on your
                  | head. [potion of mutation]
 12948 | D:12     | Gained mutation: You are weak. (Str -2) [potion of
                  | mutation]
 12948 | D:12     | Gained mutation: Your spells are a little harder to cast,
                  | but a little more powerful. [potion of mutation]
 12948 | D:12     | Gained mutation: You are strong-willed. (Will+) [potion of
                  | mutation]
 13186 | D:12     | Lost mutation: You are strong-willed. (Will+) [potion of
                  | mutation]
 13186 | D:12     | Lost mutation: You have a pair of small horns on your head.
                  | [potion of mutation]
 13186 | D:12     | Gained mutation: You expend magic power (3 MP) to
                  | strengthen your wands. [potion of mutation]
 13336 | D:12     | Received a gift from Nemelex Xobeh
 13366 | D:12     | Reached skill level 10 in Armour
 13366 | D:12     | Reached skill level 11 in Axes
 13604 | D:12     | a slime creature changed into an anaconda
 13604 | D:12     | Noticed an anaconda
 13604 | D:12     | a slime creature changed into a spark wasp
 13604 | D:12     | Noticed a spark wasp
 13604 | D:12     | a slime creature changed into a great orb of eyes
 13604 | D:12     | Noticed a great orb of eyes
 13610 | D:12     | Killed a spark wasp
 13611 | D:12     | Reached skill level 12 in Axes
 13686 | D:12     | Reached skill level 13 in Axes
 13973 | Lair:1   | Entered Level 1 of the Lair of Beasts
 14497 | Lair:1   | Reached XP level 13. HP: 103/113 MP: 22/22
 14551 | Lair:1   | Received a gift from Nemelex Xobeh
 15324 | Lair:2   | Reached ***** piety under Nemelex Xobeh
 15410 | Lair:2   | Received a gift from Nemelex Xobeh
 15606 | Lair:2   | Found a staircase to the Snake Pit.
 15883 | Lair:3   | Received a gift from Nemelex Xobeh
 16635 | Lair:3   | Found a staircase to the Swamp.
 16896 | Lair:3   | Received a gift from Nemelex Xobeh
 17677 | Lair:4   | Received a gift from Nemelex Xobeh
 17721 | Lair:4   | a six-headed hydra changed into an ice dragon
 17721 | Lair:4   | Noticed an ice dragon
 17726 | Lair:4   | Killed an ice dragon
 17727 | Lair:4   | Reached skill level 14 in Axes
 18266 | Lair:5   | Entered Level 5 of the Lair of Beasts
 18980 | Lair:5   | Received a gift from Nemelex Xobeh
 19016 | Lair:5   | Found a staircase to the Slime Pits.
 19017 | Lair:5   | Found a viscous altar of Jiyva.
 19021 | Lair:5   | Reached XP level 14. HP: 85/124 MP: 24/24
 19390 | Orc:1    | Entered Level 1 of the Orcish Mines
 19399 | Orc:1    | Noticed Nergalle
 19448 | D:11     | Nergalle changed into Nergalle the snapping turtle
 19448 | D:11     | Noticed Nergalle
 19455 | D:11     | Killed Nergalle the snapping turtle
 19967 | Orc:2    | Entered Level 2 of the Orcish Mines
 20214 | Orc:1    | Received a gift from Nemelex Xobeh
 20534 | Orc:1    | Found a transporter.
 20976 | Orc:2    | Found a burning altar of Makhleb.
 21148 | Orc:2    | Noticed Donald
 21310 | Orc:2    | Killed Donald
 21629 | Orc:2    | Found a staircase to the Elven Halls.
 22883 | D:13     | Found a hide-covered altar of Uskayaw.
 22921 | D:13     | Identified a scroll of acquirement
 22937 | D:13     | Acquired the +3 pair of gauntlets of War {Slay+5}
 22937 | D:13     | Found the +3 pair of gauntlets of War {Slay+5}
 23085 | D:13     | Reached ****** piety under Nemelex Xobeh
 23131 | D:13     | Found Qiephuw's Assorted Antiques.
 23152 | D:13     | Bought a scroll of identify for 62 gold pieces
 23152 | D:13     | Bought a silver wand for 124 gold pieces
 23152 | D:13     | Bought a scroll labelled AZXAXOY BYXKE for 31 gold pieces
 23152 | D:13     | Bought 2 potions of curing for 186 gold pieces
 23152 | D:13     | Bought a potion of heal wounds for 155 gold pieces
 23152 | D:13     | Bought a glowing war axe for 201 gold pieces
 23310 | D:13     | Received a gift from Nemelex Xobeh
 23446 | Orc:2    | Reached skill level 15 in Axes
 24080 | Orc:2    | Found Zarph's Book Shop.
 24080 | Orc:2    | Found Mumuhof's Assorted Antiques.
 24082 | Orc:2    | Found Jaogaef's Magic Scroll Shoppe.
 24082 | Orc:2    | Found Lakha's Jewellery Shop.
 24088 | Orc:2    | Bought a scroll of identify for 60 gold pieces
 24088 | Orc:2    | Bought a potion of heal wounds for 150 gold pieces
 24088 | Orc:2    | Bought a potion of curing for 90 gold pieces
 24088 | Orc:2    | Bought an encrusted copper wand for 120 gold pieces
 24096 | Orc:2    | Bought a scroll of identify for 30 gold pieces
 24103 | Orc:2    | Bought a scroll of brand weapon for 142 gold pieces
 24106 | Orc:2    | Bought a scroll of enchant armour for 112 gold pieces
 24112 | Orc:2    | Bought a scroll of enchant weapon for 112 gold pieces
 24116 | Orc:2    | Bought a scroll of magic mapping for 112 gold pieces
 24119 | Orc:2    | Bought a scroll of fear for 60 gold pieces
 24720 | Lair:5   | Paralysed by a hornet for 2 turns
 24762 | Lair:5   | Reached skill level 16 in Axes
 25065 | Lair:5   | Reached skill level 17 in Axes
 25067 | Lair:5   | Reached XP level 15. HP: 98/132 MP: 25/25
 25525 | Lair:5   | Reached skill level 18 in Axes
 25976 | Lair:5   | Found a runed translucent door.
 26024 | Lair:5   | Reached skill level 10 in Shields
 26583 | Lair:5   | Received a gift from Nemelex Xobeh
 27168 | Snake:1  | Entered Level 1 of the Snake Pit
 27307 | Orc:2    | Bought the amulet of Hepraewo {Reflect Int-5 Dex+5 SH+5}
                  | for 518 gold pieces
 27480 | Snake:1  | Reached skill level 15 in Invocations
 27837 | Snake:1  | Reached skill level 10 in Evocations
 27944 | Snake:1  | Noticed Roxanne
 28281 | Snake:1  | Identified the +1 robe of Fosamemn {Rampage Fly rF+ rCorr}
 28336 | Snake:1  | Killed Roxanne
 28336 | Snake:1  | Noticed Frances
 28633 | Swamp:1  | Entered Level 1 of the Swamp
 28633 | Swamp:1  | Received a gift from Nemelex Xobeh
 28982 | Orc:2    | Bought a scroll of teleportation for 45 gold pieces
 29343 | Swamp:1  | Noticed a thorn hunter
 30059 | Snake:2  | Reached XP level 16. HP: 138/139 MP: 27/27
 30106 | Snake:2  | Received a gift from Nemelex Xobeh
 31691 | Snake:2  | Received a gift from Nemelex Xobeh
 32558 | Snake:1  | Killed Frances
 32559 | Snake:1  | Reached skill level 10 in Throwing
 33656 | Swamp:1  | Killed a thorn hunter
 33970 | Swamp:2  | Received a gift from Nemelex Xobeh
 34083 | Swamp:2  | Noticed Kirke
 34095 | Swamp:2  | Killed Kirke
 34425 | Swamp:2  | Noticed Jorgrun
 34432 | Swamp:2  | Identified the +2 long sword of Purpose {spect, rPois rC-
                  | Int+6 Dex-2}
 34438 | Swamp:2  | Killed Jorgrun
 35073 | Swamp:3  | Noticed a fenstrider witch
 35110 | Swamp:3  | a fenstrider witch changed into a stone giant
 35187 | Swamp:3  | Reached XP level 17. HP: 136/148 MP: 29/29
 35215 | Swamp:3  | Acquired the ring "Jyavaxem" {rPois Str+6}
 35811 | Snake:3  | Received a gift from Nemelex Xobeh
 36052 | Snake:3  | Found Kaseq's Jewellery Shoppe.
 36052 | Snake:3  | Found Vafat's Book Shop.
 36053 | Snake:3  | Found Zidepuuk's Jewellery Shoppe.
 36101 | Snake:3  | Found Zirimiw's Antique Weapon Emporium.
 36518 | Snake:4  | Entered Level 4 of the Snake Pit
 36739 | Snake:4  | Found Ethruutt's Self-Improvement Boutique.
 36842 | Snake:4  | Received a gift from Nemelex Xobeh
 36936 | Snake:4  | Noticed Vashnia
 36941 | Snake:4  | Vashnia changed into Vashnia the dire elephant
 36941 | Snake:4  | Noticed Vashnia
 36957 | Snake:4  | Killed Vashnia the dire elephant
 37304 | Snake:4  | Received a gift from Nemelex Xobeh
 37494 | Snake:4  | Reached skill level 19 in Axes
 38047 | Snake:4  | Got a serpentine rune of Zot
 38308 | Swamp:4  | Entered Level 4 of the Swamp
 38433 | Swamp:4  | Reached XP level 18. HP: 63/157 MP: 31/31
 38701 | Swamp:4  | Received a gift from Nemelex Xobeh
 38791 | Swamp:4  | Found a frozen archway.
 38800 | IceCv    | Entered an ice cave
 41228 | Swamp:4  | Got a decaying rune of Zot
 41317 | Swamp:4  | Received a gift from Nemelex Xobeh
 41676 | D:14     | Noticed Louise
 41700 | D:14     | Killed Louise
 41704 | D:14     | Noticed Agnes
 41721 | D:14     | Killed Agnes
 41815 | D:14     | Received a gift from Nemelex Xobeh
 41901 | D:14     | Found a portal to a secret trove of treasure.
 42344 | D:14     | Noticed Nessos
 42542 | D:14     | Killed Nessos
 42961 | D:15     | Entered Level 15 of the Dungeon
 43024 | D:15     | Received a gift from Nemelex Xobeh
 43104 | D:15     | Found a staircase to the Depths.
 43279 | D:15     | Found Lastry Juse's Antique Armour Boutique.
 43331 | D:15     | Received a gift from Nemelex Xobeh
 43585 | D:15     | Reached skill level 20 in Axes
 43784 | Depths:1 | Entered Level 1 of the Depths
 44041 | Elf:1    | Entered Level 1 of the Elven Halls
 44222 | Elf:1    | Paralysed by an air elemental for 1 turns
 44430 | Slime:1  | Entered Level 1 of the Pits of Slime
 44788 | Slime:1  | Killed from afar by an acid blob

Illustrated notes

Levels and vault maps discovered:
D:1:      mrwooster_arrival_statue_2, layout_loops_ring
D:2:      layout_rooms, hangedman_glass_teeth, chequers_serial_rivers_small_3
D:3:      layout_loops_corners, cheibrodos_worm_habitat,
          nicolae_hepliaklqana_hazy_memory,
          nicolae_concentric_dashed_squares_wild, uniq_terence, uniq_ijyb
D:4:      minmay_razor_zed, layout_basic, temple_hall, serial_co_window_serial,
          co_window_of_opportunity_a, co_window_paths_b, co_window_corner_a,
          co_window_corner_a, co_window_paths_b, co_window_paths_b,
          co_window_of_opportunity_a, co_window_of_opportunity_a,
          co_window_paths_a, co_window_corner_b, co_window_corner_ca,
          co_window_cross_2, glass_columns_a, kennysheep_flooded_box
D:5:      layout_cave_pods, mainiacjoe_overflow_surrounded_room, zin_purify
D:6:      layout_basic, nicolae_overflow_hidden_temple,
          gammafunk_temple_overflow_claw, cheibrodos_sewer_entry_drain,
          uniq_sigmund
D:7:      layout_basic, mainiacjoe_overflow_tiny_flanked,
          mainiacjoe_overflow_concentric_impassable,
          nicolae_dithmenos_through_a_glass_darkly
D:8:      minmay_opposing_rooms, layout_cave_pools, makhleb_grotto_becter,
          old_standard_altar, serial_column_ruins, column_ruins_hut_water,
          column_ruins_hut_water, column_ruins_columns_straight,
          column_ruins_grid_4, column_ruins_open_tiny, column_ruins_grid_1,
          serial_shops, shop_statue
D:9:      layout_basic, uniq_prince_ribbit1
D:10:     layout_roguey, mainiacjoe_overflow_boulevard, enter_bailey_5,
          wad_dig_loot
D:11:     layout_basic, dpeg_oklobed_lair, orc_0_dummy, uniq_erica
D:12:     minmay_skewed_foursquare, layout_irregular_city
D:13:     layout_small_grid, hangedman_vaults_entry_quadrant_bands,
          serial_shops, nicolae_shop_stone, eat_drink_and_be_merry_uskayaw
D:14:     layout_long_grid, enter_trove_5, kennysheep_donut, uniq_louise,
          uniq_nessos, uniq_agnes
D:15:     grunt_enter_depths_snipers, layout_irregular_city, serial_shops, shop,
          minmay_strange_pillars, worms_lemuel
Temple:   nicolae_temple_colour_theory
Lair:1:   layout_roguey
Lair:2:   layout_chaotic_city, guppyfry_snake_entry_island
Lair:3:   layout_loops_ring, nicolae_swamp_entry_splash_gauntlet,
          infiniplex_staircase_pool_2, serial_bayou_shore_a
Lair:4:   layout_gridlike
Lair:5:   hangedman_lair_tendril_chambers, layout_small_grid, wormcave,
          slime_entry_1
Swamp:1:  layout_falls_marsh, evilmike_swamp_ruin_house_3, swamp_pool3,
          hangedman_swamp_blocks, nicolae_swamp_no_escape
Swamp:2:  layout_basic_swamp, nicolae_swamp_ascending_descending, uniq_jorgrun,
          uniq_kirke
Swamp:3:  layout_falls_marsh, evilmike_swamp_ruin_house_2
Swamp:4:  swamp_basic_johnstein, layout_basic_swamp,
          portal_ice_cave_entry_pillars_2
Snake:1:  layout_rooms, uniq_roxanne, uniq_frances
Snake:2:  layout_layer_cave, nicolae_snake_gridmaze_waves, grunt_megastairs_2
Snake:3:  nicolae_snake_nest, layout_onion_interference, serial_shops,
          nicolae_lakefront_shop, minmay_shop_grove, grunt_megastairs_3,
          serial_bayou_shore_b
Snake:4:  snake_pit, layout_chambers, nicolae_shop_self_help, lemuel_fruit_tree,
          serial_bayou_shore_b, uniq_vashnia
Slime:1:  layout_caves
Orc:1:    emtedronai_trogs_sanctum, layout_caves, lightli_orcish_oven,
          uniq_nergalle
Orc:2:    grunt_orc_tribal_feast, layout_diamond_mine, basic_altar, uniq_donald
Elf:1:    eino_elf_arrival_sip, layout_gridlike, minmay_elf_necromancy,
          minmay_misc_feat_rows, nicolae_elf_deep_mausoleum, minmay_shoptagon
Depths:1: layout_gridlike, serial_curves, eino_curves_01, eino_curves_03,
          grunt_hell_entry_demonic_statue, minmay_misc_feat_alley,
          nrook_kobold_shadow_demons, serial_bayou_shore_b

Skill      XL: |  1  2  3  4  5  6  7  8  9 10 11 12 13 14 15 16 17 18 |
---------------+-------------------------------------------------------+-----
Axes           | 3 4 5 6 8 10 13 14 17 18 19 20 | 20.0
Fighting       | 4 5 6 7 8 9 10 11 12 13 14 | 14.3
Armour         | 4 5 6 7 8 10 11 12 13 14 | 14.4
Shields        | 4 5 6 7 8 9 10 11 12 | 12.2
Invocations    | 7 10 11 12 13 14 15 17 18 19 | 19.8
Evocations     | 1 5 6 8 10 12 | 12.0
Throwing       | 1 4 5 6 8 10 11 | 11.7

Action                   |  1- 3 |  4- 6 |  7- 9 | 10-12 | 13-15 | 16-18 || total
-------------------------+-------+-------+-------+-------+-------+-------++-------
Melee: War axe           |    84 |   172 |   213 |   363 |   232 |   281 ||  1345
       Club              |       |     4 |       |       |     9 |     5 ||    18
       Unarmed           |       |       |    11 |       |       |    22 ||    33
       Broad axe         |       |       |       |    59 |   602 |   620 ||  1281
       Headbutt          |       |       |       |     1 |       |       ||     1
       Flail             |       |       |       |       |    10 |     4 ||    14
       Morningstar       |       |       |       |       |       |    26 ||    26
Throw: Dart              |       |       |     7 |       |    48 |     4 ||    59
       Boomerang         |       |       |     6 |   112 |   114 |   172 ||   404
       Javelin           |       |       |       |    18 |    25 |    34 ||    77
       Throwing net      |       |       |       |       |       |     1 ||     1
Invok: Draw Destruction  |       |       |     4 |    11 |    21 |    23 ||    59
       Draw Summoning    |       |       |       |     3 |     5 |    11 ||    19
       Draw Escape       |       |       |       |     1 |     2 |     7 ||    10
       Deal Four         |       |       |       |     1 |     1 |     3 ||     5
       Draw Stack        |       |       |       |       |     2 |       ||     2
       Stack Five        |       |       |       |       |     1 |       ||     1
       Triple Draw       |       |       |       |       |       |     1 ||     1
Evoke: Wand              |       |       |       |     1 |    23 |    15 ||    39
       Condenser vane    |       |       |       |     1 |     1 |       ||     2
  Use: Potion            |       |     1 |     3 |    11 |     8 |     8 ||    31
       Scroll            |       |     3 |     1 |    13 |    35 |    14 ||    66
 Stab: Distracted        |       |       |       |       |     2 |     2 ||     4
       Paralysed         |       |       |       |       |     5 |     1 ||     6
       Confused          |       |       |       |       |     3 |       ||     3
       Petrified         |       |       |       |       |       |     1 ||     1
Armor: Scale mail        |    16 |       |    31 |   240 |   223 |       ||   510
       Chain mail        |    45 |    91 |    72 |       |    15 |       ||   223
       Skin              |       |       |    14 |       |       |       ||    14
       Plate armour      |       |       |       |       |   393 |   811 ||  1204
Dodge: Dodged            |    39 |    50 |    78 |   193 |   248 |   260 ||   868
Block: Buckler           |    22 |    43 |    94 |    49 |       |       ||   208
       Kite shield       |       |       |       |   269 |   782 |  1179 ||  2230
       Reflection        |       |       |       |       |    15 |    92 ||   107

Table legend: (Time is in decaauts)
 A = Elapsed time spent in this place.
 B = Non-inter-level travel time spent in this place.
 C = Inter-level travel time spent in this place.
 D = Time resting spent in this place.
 E = Time spent auto-exploring this place.
 F = Levels seen in this place.
 G = Mean time per level.
                   A        B        C        D        E       F      G
               +--------+--------+--------+--------+--------+-----+--------+
         Total |  45207 |  40341 |   4866 |   1575 |  31447 |  37 | 1221.8 |
       Dungeon |  17685 |  15680 |   2005 |    593 |  12058 |  15 | 1179.0 |
        Temple |     74 |     68 |      6 |      0 |     64 |   1 |   74.0 |
          Lair |   9644 |   8348 |   1296 |    529 |   6561 |   5 | 1928.8 |
         Swamp |   4854 |   4180 |    674 |    230 |   2938 |   4 | 1213.5 |
     Snake Pit |   7184 |   6827 |    357 |      0 |   5898 |   4 | 1796.0 |
    Slime Pits |    134 |    134 |      0 |      0 |     57 |   1 |  134.0 |
  Orcish Mines |   3971 |   3448 |    523 |    190 |   2664 |   2 | 1985.5 |
   Elven Halls |     16 |     16 |      0 |      0 |      0 |   1 |   16.0 |
        Depths |     24 |     24 |      0 |      0 |     12 |   1 |   24.0 |
         Sewer |    187 |    187 |      0 |      0 |     96 |   1 |  187.0 |
        Bailey |    639 |    639 |      0 |      0 |    522 |   1 |  639.0 |
      Ice Cave |    790 |    790 |      0 |     33 |    573 |   1 |  790.0 |
               +--------+--------+--------+--------+--------+-----+--------+

Top non-repeatable levels by time:
 Snake:2: 3074 daAuts
  Lair:3: 2625 daAuts
  Lair:5: 2575 daAuts
    D:11: 2291 daAuts
   Orc:2: 2190 daAuts
    D:12: 2062 daAuts
  Lair:4: 2057 daAuts
   Orc:1: 1781 daAuts
 Snake:4: 1619 daAuts
     D:9: 1609 daAuts
     D:8: 1521 daAuts
    D:10: 1390 daAuts
 Snake:1: 1348 daAuts
  Lair:2: 1344 daAuts
 Swamp:4: 1338 daAuts
